 Dungeon Crawl Stone Soup version 0.29.0-13-gc9e81de378 (webtiles) character file.

Game seed: 10654447273102591737

1113 mortz the Magician (level 8, -3/43 HPs)
             Began as a Deep Elf Fire Elementalist on Sept 10, 2022.
             Was an Initiate of Gozag.
             Slain by an unseen horror (7 damage)
             ... on level 6 of the Dungeon.
             The game lasted 00:36:37 (7832 turns).

mortz the Magician (Deep Elf Fire Elementalist)     Turns: 7832, Time: 00:36:38

Health: -3/43      AC:  8    Str:  5    XL:     8   Next: 12%
Magic:  21/30      EV: 20    Int: 23    God:    Gozag
Gold:   251        SH:  0    Dex: 15    Spells: 13/21 levels left

rFire   . . .      SeeInvis .   w - +7 Spriggan's Knife {stab, EV+4 Stlth+}
rCold   . . .      Faith    .   (no shield)
rNeg    . . .      Spirit   .   k - +0 leather armour
rPois   .          Reflect  .   n - +0 helmet
rElec   .          Harm     .   i - +0 cloak
rCorr   .          Rampage  .   j - +1 pair of gloves
Will    .....                   m - +0 pair of boots
Stlth   ++++......              B - amulet of regeneration
HPRegen 0.94/turn               e - +4 ring of evasion
MPRegen 0.22/turn               l - ring of magical power

@: no status effects
A: no striking features
a: Renounce Religion, Potion Petition, Call Merchant, Bribe Branch


You were on level 6 of the Dungeon.
You worshipped Gozag.
Gozag was aware of your devotion.
You visited 2 branches of the dungeon, and saw 8 of its levels.

You collected 293 gold pieces.
You paid 42 gold pieces to Gozag.

Inventory:

Hand Weapons
 a - a +1 falchion of freezing
 d - a +0 dagger
 v - a +1 dagger of protection
 w - the +7 Spriggan's Knife (weapon) {stab, EV+4 Stlth+}
   (You found it on level 5 of the Dungeon)

   It is more effective when stabbing unaware enemies, sometimes treating them
   as though they were completely helpless.
   EV:        It affects your evasion (+4).
   Stlth:     It makes you more stealthy.
 z - a +0 hand axe
 C - a +4 vorpal war axe
Missiles
 c - 3 throwing nets
Armour
 i - a +0 cloak (worn)
 j - a +1 pair of gloves (worn)
 k - a +0 leather armour (worn)
 m - a +0 pair of boots (worn)
 n - a +0 helmet (worn)
Magical Staves
 h - a staff of cold
Jewellery
 e - a +4 ring of evasion (left hand)
 f - a ring of protection from fire
 l - a ring of magical power (right hand)
 u - a ring of resist corrosion
 B - an amulet of regeneration (around neck)
 H - a ring of protection from fire
Wands
 F - a wand of paralysis (10)
Scrolls
 r - a scroll of immolation
 t - 2 scrolls of teleportation
 y - 4 scrolls of butterflies
 A - a scroll of enchant armour
 E - a scroll of amnesia
 I - a scroll of magic mapping
Potions
 b - 2 potions of magic
 g - a potion of might
 o - a potion of heal wounds
 p - 3 potions of lignification
 q - 4 potions of flight
 s - a potion of haste {unknown}
 x - a potion of mutation {unknown}
 D - a potion of resistance {unknown}
 J - 2 potions of brilliance {unknown}


   Skills:
 + Level 1.1 Fighting
 + Level 1.6 Armour
 + Level 2.9 Dodging
 * Level 4.8 Stealth
 + Level 7.3 Spellcasting
 + Level 2.7 Conjurations
 + Level 2.2 Transmutations
 + Level 6.2 Fire Magic
 + Level 2.8 Earth Magic


You had 13 spell levels left.
You knew the following spells:

 Your Spells              Type           Power      Damage    Failure   Level
a - Foxfire               Conj/Fire      100%       2x1d9     1%          1
b - Scorch                Fire           74%        2d8       1%          2
c - Conjure Flame         Conj/Fire      29%        6-21      5%          3
d - Passwall              Tmut/Erth      16%        N/A       6%          2

Your spell library contained the following spells:

 Spells                   Type           Power      Damage    Failure   Level
 Wereblood                Tmut           18%        N/A       7%          2
 Inner Flame              Hex/Fire       22%        N/A       10%         3
 Slow                     Hex            32%        N/A       12%         1
 Ensorcelled Hibernation  Hex/Ice        16%        N/A       19%         2
 Sublimation of Blood     Necr           8%         N/A       19%         2
 Flame Wave               Conj/Fire      29%        2d9       19%         4
 Call Canine Familiar     Summ           8%         N/A       34%         3
 Confusing Touch          Hex            8%         N/A       34%         3
 Portal Projectile        Hex/Tloc       16%        N/A       34%         3
 Swiftness                Air            8%         N/A       34%         3
 Vampiric Draining        Necr           8%         2d6       34%         3
 Leda's Liquefaction      Hex/Erth       7%         N/A       56%         4
 Summon Hydra             Summ           4%         N/A       100%        7


Dungeon Overview and Level Annotations

Branches:
Dungeon (7/15) Zot: 26322  Temple (1/1) D:5 Zot: 5779

Altars:
Ashenzari
Cheibriados
Dithmenos
Elyvilon
Fedhas
Gozag
Kikubaaqudgha
Makhleb
Nemelex Xobeh
Qazlal
Ru
Sif Muna
Trog
Uskayaw
Vehumet
Wu Jian
Xom
Zin
The Shining One

Shops:
D:3 (   D:6 :

Annotations:
D:3 2 transporters, Arex's ghost, amateur OpFi


Message History

Confirm with . or Enter, or press ? or * to list all spells.
You miscast Scorch.
You are very lightly contaminated with residual magic.
Nothing appears to happen.
Something barely misses you. Something hits you.
Casting: Scorch (safe; 1% risk of failure)
Confirm with . or Enter, or press ? or * to list all spells.
Flames lash something.
Something hits you.
Casting: Scorch (safe; 1% risk of failure)
Confirm with . or Enter, or press ? or * to list all spells.
Flames lash something.
Something hits you but does no damage.
Casting: Scorch (safe; 1% risk of failure)
Confirm with . or Enter, or press ? or * to list all spells.
Flames lash something.
Something hits you. Something barely misses you.
You conjure some foxfire!
Something closely misses you.
The foxfire hits something.
Your magical contamination has completely faded away.
Casting: Foxfire (safe; 1% risk of failure)
Press: ? - help, Q - select action, (/) - cycle Dir - look around, f - activate
Okay, then.
You miscast Foxfire.
You are very lightly contaminated with residual magic.
Nothing appears to happen.
Something hits you!
Casting: Foxfire (safe; 1% risk of failure)
Press: ? - help, Q - select action, (/) - cycle Dir - look around, f - activate You conjure some foxfire!
Something barely misses you.
The foxfire hits something but does no damage.
Something barely misses you. Something hits you. Something closely misses you.
Something hits you but does no damage. x2
Something hits you.
Your magical contamination has completely faded away.
Something hits you.
Something hits you but does no damage. x2
Something hits you!
* * * LOW HITPOINT WARNING * * *
You hit something. Something hits you!
* * * LOW HITPOINT WARNING * * *
Something hits you but does no damage. Something hits you!
You die...
Your body crumbles into a pile of gold.

**,* ##...## #...# #..
*#.* ##'## ##.## ###
##.** #.# ##.# #...* #.#
#..# #...* ##.## #.##
....#####...## #.#
.......#.....# #.#
.......##...##########.#
.......###.##...@{.....#
<...##.###.##.##########
#.............#
#...##.###.####
#.####.###.#
........##.# **###
........##.# *...*
.######.##.###.#,**# ,*
####.##.#<..#,,.#


There were no monsters in sight!

Vanquished Creatures
  Eustachio (D:5)
  An ogre (D:5)
  Blork the orc (D:5)
  A kobold brigand (D:4)
  2 scorpions
  A necrophage (D:4)
  2 jellies
  2 orc priests (D:4)
  3 hounds
  Terence (D:2)
  2 orc wizards
  Robin (D:3)
  6 adders
  8 gnolls
  3 white imps
  2 ufetubi
  3 dart slugs
  15 orcs
  11 ball pythons
  14 endoplasms
  4 giant cockroaches
  5 hobgoblins
  3 quokkas
  7 bats
  A frilled lizard (D:3)
  16 goblins
  5 kobolds
  4 rats
125 creatures vanquished.

Vanquished Creatures (others)
  255 foxfires
255 creatures vanquished.

Grand Total: 380 creatures vanquished

Notes
Turn   | Place    | Note
-------+----------+-------------------------------------------
     0 | D:1      | mortz the Deep Elf Fire Elementalist began the quest for
                  | the Orb.
     0 | D:1      | Reached XP level 1. HP: 10/10 MP: 6/6
   177 | D:1      | Found a faded altar of an unknown god.
   339 | D:1      | Reached XP level 2. HP: 15/15 MP: 2/8
   342 | D:1      | Learned a level 2 spell: Scorch
  1102 | D:1      | Reached XP level 3. HP: 13/19 MP: 3/10
  1509 | D:2      | Reached skill level 4 in Spellcasting
  1509 | D:2      | Reached XP level 4. HP: 24/24 MP: 7/12
  1513 | D:2      | Learned a level 3 spell: Conjure Flame
  1818 | D:2      | Noticed Terence
  1827 | D:2      | Killed Terence
  1828 | D:2      | Reached skill level 1 in Fighting
  2409 | D:3      | Found a stormy altar of Qazlal.
  2416 | D:3      | Learned a level 2 spell: Passwall
  2431 | D:3      | Noticed Arex's ghost (amateur OpFi)
  2440 | D:3      | Found a transporter.
  2517 | D:3      | Found a transporter.
  2525 | D:3      | Noticed Robin
  2534 | D:3      | Killed Robin
  2535 | D:3      | Reached XP level 5. HP: 29/29 MP: 7/13
  2681 | D:3      | Found Hoasuk Jumi's Weapon Shop.
  3001 | D:4      | Reached skill level 5 in Spellcasting
  3185 | D:4      | Reached skill level 1 in Earth Magic
  3288 | D:4      | Reached skill level 1 in Transmutations
  3288 | D:4      | Reached XP level 6. HP: 30/34 MP: 7/16
  3437 | D:4      | Found an ornate altar of the Wu Jian Council.
  3563 | D:4      | Found a snail-covered altar of Cheibriados.
  3639 | D:4      | Reached skill level 5 in Fire Magic
  3765 | D:4      | Reached skill level 6 in Spellcasting
  4269 | D:5      | Entered Level 5 of the Dungeon
  4313 | D:4      | Reached XP level 7. HP: 31/38 MP: 6/18
  4534 | D:5      | Noticed Eustachio
  4538 | D:5      | Killed Eustachio
  4539 | D:5      | Reached skill level 1 in Armour
  4557 | D:5      | Noticed Blork the orc
  4939 | D:5      | Found the +7 Spriggan's Knife {stab, EV+4 Stlth+}
  5016 | D:5      | Found a staircase to the Ecumenical Temple.
  5037 | Temple   | Entered the Ecumenical Temple
  5226 | Temple   | Became a worshipper of Gozag Ym Sagoz the Greedy
  5641 | D:5      | Killed Blork the orc
  5729 | D:5      | Reached skill level 7 in Spellcasting
  6407 | D:6      | Reached XP level 8. HP: 43/43 MP: 20/20
  6475 | D:6      | Found Oleoff's Book Shop.
  6800 | D:6      | Found a bloodstained altar of Trog.
  7569 | D:6      | Found a bloodstained altar of Trog.
  7719 | D:6      | Found Oleoff's Book Shop.
  7832 | D:6      | Slain by an unseen horror

Illustrated notes

Levels and vault maps discovered:
D:1:      onia_arrival_mini_maze_b, layout_loops_cross,
          ebering_ecumenical_altar_abandoned
D:2:      layout_loops_cross, serial_glass, glass_columns_b, glass_columns_a,
          uniq_terence
D:3:      layout_rooms, nicolae_qazlal_general_emergency, serial_shops,
          nicolae_shop_bloodbath_and_beyond, gammafunk_ghost_stat_death,
          uniq_robin
D:4:      layout_gridville, mainiacjoe_overflow_catwalk,
          mainiacjoe_overflow_concentric_impassable
D:5:      layout_layer_cave, minmay_temple_entry_sparse_star,
          uniq_blork_the_orc, uniq_eustachio
D:6:      layout_loops_corners, trog_three_pillars_becter, serial_shops, shop
D:7:      layout_basic, nzn_hepliaklqana_mist_gate,
          mainiacjoe_overflow_surrounded_room
Temple:   bh_familiar_temple

Skill      XL: |  1  2  3  4  5  6  7 |
---------------+----------------------+-----
Fire Magic     | 4 5 6 |  6.2
Spellcasting   | 4 5 6 7 |  7.3
Fighting       | 1 |  1.1
Earth Magic    | 1 2 |  2.8
Conjurations   | 2 |  2.7
Transmutations | 1 2 |  2.2
Stealth        | 3 4 |  4.8
Armour         | 1 |  1.6
Dodging        | |  2.9

Action                   |  1- 3 |  4- 6 |  7- 9 || total
-------------------------+-------+-------+-------++-------
Melee: Dagger            |     9 |    17 |       ||    26
       Knife             |       |       |     7 ||     7
 Cast: Foxfire           |    51 |    72 |    23 ||   146
       Scorch            |     3 |    37 |    36 ||    76
  Use: Scroll            |     2 |    10 |     5 ||    17
       Potion            |       |       |     2 ||     2
 Stab: Sleeping          |     1 |     5 |     5 ||    11
       Distracted        |       |       |     1 ||     1
Armor: Leather armour    |     6 |     9 |    19 ||    34
Dodge: Dodged            |    22 |    27 |    39 ||    88
